 Dungeon Crawl Stone Soup version 0.31-a0-692-gf03d1854d5 (webtiles) character file.

Game seed: 8440424478093393333

2097 qw the Skirmisher (level 9, 0/56 HPs)
             Began as a Gargoyle Hunter on Sept 6, 2023.
             Was an Initiate of Okawaru.
             Slain by Pikel
             ... wielding a +2 whip of freezing
              (8 damage)
             ... on level 7 of the Dungeon.
             The game lasted 00:02:57 (5485 turns).

qw the Skirmisher (Gargoyle Hunter)                 Turns: 5485, Time: 00:02:57

Health: 0/56       AC: 15    Str: 15    XL:     9   Next: 28%
Magic:  9/9        EV: 12    Int:  6    God:    Okawaru [......]
Gold:   350        SH:  0    Dex: 24    Spells: 8/8 levels left

rFire   + . .        Y - +2 shortbow
rCold   + + .        (shield currently unavailable)
rNeg    + + .        h - +0 ring mail
rPois   inf          c - +1 helmet
rElec   +            d - scarf {rC+ rF+}
rCorr   +            (no gloves)
SInv    .            e - +0 pair of boots
Will    .....        (no amulet)
Stlth   ++           l - ring "Joiqask" {rC+ rCorr Int-4 Dex+7}
HPRegen 0.29/turn    n - ring of positive energy
MPRegen 0.11/turn

%: no passive effects
@: no status effects
A: sickness immunity, AC +6, negative energy resistance 1, electricity
resistance, torment resistance 1, petrification resistance
a: Renounce Religion


You were on level 7 of the Dungeon.
You worshipped Okawaru.
Okawaru was noncommittal.
You visited 2 branches of the dungeon, and saw 8 of its levels.

You collected 434 gold pieces.
You spent 84 gold pieces at shops.


Innate Abilities, Weirdness & Mutations

You are immune to sickness and miasma.
Your stone body is resilient. (AC +6)
You are immune to poison.
You resist negative energy. (rN+)
You are resistant to electric shocks. (rElec)
You are resistant to unholy torment.
You are immune to petrification.


   Skills:
 + Level 6.9 Fighting
 - Level 10.0 Ranged Weapons
 - Level 3.2 Armour
 - Level 3.2 Dodging
 - Level 1.1 Stealth


You had 8 spell levels left.
You didn't know any spells.
Your spell library was empty.

Inventory:

Hand Weapons
 Y - a +2 shortbow (weapon)
Armour
 c - a +1 helmet (worn)
 d - a scarf of resistance (worn)
 e - a +0 pair of boots (worn)
 h - a +0 ring mail (worn)
Jewellery
 g - a ring of ice
 l - the ring "Joiqask" (left hand) {rC+ rCorr Int-4 Dex+7}
   (You found it on level 4 of the Dungeon)

   [ring of protection from cold]

   Int-4:     It affects your intelligence (-4).
   Dex+7:     It affects your dexterity (+7).
   rC+:       It protects you from cold.
   rCorr:     It protects you from acid and corrosion.
 n - a ring of positive energy (right hand)
Scrolls
 a - a scroll of identify
Potions
 b - a potion of haste
 f - 2 potions of curing
 i - a potion of cancellation
 j - 2 potions of enlightenment

Dungeon Overview and Level Annotations

Branches:
Dungeon (7/15)             Temple (1/1) D:7

Altars:
Ashenzari
Cheibriados
Dithmenos
Fedhas
Gozag
Hepliaklqana
Kikubaaqudgha
Makhleb
Nemelex Xobeh
Okawaru
Ru
Sif Muna
Trog
Yredelemnul
Zin
The Shining One

Shops:
D:2 *   D:4 (

Annotations:
D:7 Pikel


Message History

You shoot an arrow. The arrow hits the lemure.
You kill the lemure!
That felt strangely unrewarding.
You shoot an arrow.
The arrow hits Pikel but does no damage.
Pikel hits you but does no damage.
An orc comes into view. It is wielding a +0 dagger.
You shoot an arrow.
The arrow hits Pikel but does no damage.
Pikel hits you with a +2 whip of freezing.
You shoot an arrow. The arrow hits Pikel!
Pikel is moderately wounded.
The orc priest mumbles some strange prayers to Beogh against you.
Beogh smites you!
Pikel hits you with a +2 whip of freezing.
You shoot an arrow. The arrow hits Pikel.
Pikel is moderately wounded.
Pikel hits you but does no damage.
You shoot an arrow. The arrow hits Pikel.
Pikel is heavily wounded.
Pikel misses you.
You shoot an arrow.
The arrow hits Pikel but does no damage.
Pikel is heavily wounded.
Pikel hits you with a +2 whip of freezing.
Pikel freezes you.
You shoot an arrow. The arrow barely misses Pikel.
The arrow hits the orc!
You kill the orc!
Okawaru accepts your kill.
Pikel hits you with a +2 whip of freezing!
The orc priest mumbles some strange prayers to Beogh against you.
Beogh smites you!
You shoot an arrow. The arrow hits Pikel.
Pikel is heavily wounded.
Pikel misses you.
You shoot an arrow. The arrow barely misses Pikel.
The arrow hits the lemure!
The lemure is moderately wounded.
Pikel hits you with a +2 whip of freezing!
You die...
Pikel says, "See you in Hell!"

.#### #.....##
.# ##......## .#
#........# ##
#........##
##........#
#........#
#........#
#.#......#
#@#......#
....ooK###....##
.....55 #....#
......5 ##..##
....... ####
....... .......
.......


You could see Pikel, an orc warrior, 3 lemures and an orc priest.

Vanquished Creatures
  A water moccasin (D:5)
  2 sky beasts
  An ice beast (D:6)
  A black bear (D:6)
  3 ogres
  A lemure (D:7)
  A centaur (D:6)
  A phantom (D:6)
  3 bullfrogs
  A scorpion (D:6)
  2 howler monkeys
  A hound (D:5)
  A jelly (D:6)
  An orc priest (D:4)
  2 sleepcaps
  Natasha (thrice) (D:2)
  8 orc wizards
  6 iguanas
  Robin (D:2)
  6 adders
  8 gnolls
  A shadow imp (D:5)
  A white imp (D:5)
  An ufetubus (D:5)
  3 worms
  3 dart slugs
  31 orcs
  2 bats
  6 endoplasms
  5 giant cockroaches
  12 hobgoblins
  4 jackals (D:1)
  11 kobolds
  4 quokkas
  2 ball pythons (D:4)
  12 goblins
  2 rats (D:2)
154 creatures vanquished.

Notes
Turn   | Place    | Note
-------+----------+-------------------------------------------
     0 | D:1      | qw the Gargoyle Hunter began the quest for the Orb.
     0 | D:1      | Reached XP level 1. HP: 12/12 MP: 1/1
     0 | D:1      | 0 ||| qw: Version: 0.3-a-76-g4403597
     0 | D:1      | 0 ||| qw: Game counter: 304
     0 | D:1      | 0 ||| qw: Melee chars always use a shield: true
     0 | D:1      | 0 ||| qw: God list: Okawaru
     0 | D:1      | 0 ||| qw: Allow faded altars: false
     0 | D:1      | 0 ||| qw: Do Orc after clearing Dungeon:15 true
     0 | D:1      | 0 ||| qw: Do second Lair branch before Depths: true
     0 | D:1      | 0 ||| qw: Lair rune preference: random
     0 | D:1      | 0 ||| qw: Goals: Normal
     0 | D:1      | 0 ||| PLANNING D:1-11
   120 | D:1      | Reached XP level 2. HP: 17/17 MP: 2/2
   666 | D:1      | 666 ||| UPGRADING to +0 pair of boots.
   671 | D:1      | 671 ||| UPGRADING to +0 ring mail.
   681 | D:1      | 681 ||| DROPPING +0 leather armour.
   682 | D:1      | 682 ||| READING scroll labelled PEMALOTAAR.
   683 | D:1      | 683 ||| READING scroll labelled SIDAWN ULEM.
   688 | D:1      | 688 ||| READING scroll labelled WIOTZO HAGE.
   689 | D:1      | 689 ||| DROPPING scroll of butterflies.
   756 | D:2      | Identified the +4 dagger "Syvusism" {pain, Drain rElec rF+
                  | Will+}
   777 | D:2      | Reached skill level 1 in Armour
   777 | D:2      | Reached XP level 3. HP: 20/21 MP: 3/3
   809 | D:2      | Noticed Robin
   814 | D:2      | Reached skill level 5 in Ranged Weapons
   820 | D:2      | Killed Robin
   892 | D:2      | Reached XP level 4. HP: 25/27 MP: 4/4
   940 | D:2      | Found Xihec's Assorted Antiques.
   949 | D:2      | 949 ||| BUYING glowing coppery potion (27 gold).
   949 | D:2      | Bought a glowing coppery potion for 27 gold pieces
   949 | D:2      | 949 ||| BUYING glowing coppery potion (27 gold).
   949 | D:2      | Bought a glowing coppery potion for 27 gold pieces
   949 | D:2      | 949 ||| SHOPLISTING runed glass wand (120 gold, have 37).
   949 | D:2      | 949 ||| BUYING scroll labelled KAMEME BOPP (30 gold).
   949 | D:2      | Bought a scroll labelled KAMEME BOPP for 30 gold pieces
   949 | D:2      | 949 ||| SHOPLISTING scroll labelled YBBAES ALLUQO (30 gold,
                  | have 7).
   999 | D:2      | Reached skill level 3 in Fighting
  1265 | D:2      | Noticed Natasha
  1277 | D:2      | Killed Natasha
  1389 | D:2      | 1389 ||| UPGRADING to +1 helmet.
  1394 | D:2      | 1394 ||| UPGRADING to scarf of resistance.
  1399 | D:2      | 1399 ||| READING 2 scrolls labelled KAMEME BOPP.
  1400 | D:2      | 1400 ||| DRINKING 2 clear potions.
  1401 | D:2      | 1401 ||| DRINKING 2 glowing coppery potions.
  1402 | D:2      | 1402 ||| DROPPING potion of attraction.
  1403 | D:2      | 1403 ||| DROPPING scroll of fear.
  1413 | D:2      | Noticed Natasha
  1428 | D:2      | 1428 ||| Stepping ~*~*~tactically~*~*~ (retreating).
  1429 | D:2      | 1429 ||| Stepping ~*~*~tactically~*~*~ (retreating).
  1430 | D:2      | 1430 ||| Stepping ~*~*~tactically~*~*~ (retreating).
  1431 | D:2      | 1431 ||| Stepping ~*~*~tactically~*~*~ (retreating).
  1432 | D:2      | 1432 ||| Stepping ~*~*~tactically~*~*~ (retreating).
  1433 | D:2      | 1433 ||| Stepping ~*~*~tactically~*~*~ (retreating).
  1434 | D:2      | 1434 ||| Stepping ~*~*~tactically~*~*~ (retreating).
  1437 | D:2      | HP: 7/28 [cerulean imp/+1 spear[Natasha] (2)]
  1439 | D:2      | Killed Natasha
  1440 | D:2      | Reached XP level 5. HP: 7/32 MP: 5/5
  1487 | D:2      | Noticed Natasha
  1501 | D:2      | 1501 ||| Stepping ~*~*~tactically~*~*~ (retreating).
  1502 | D:2      | HP: 6/32 [Natasha/magic dart (7)]
  1503 | D:2      | Killed Natasha
  1504 | D:2      | Reached skill level 6 in Ranged Weapons
  1868 | D:3      | Found a faded altar of an unknown god.
  2165 | D:3      | 2165 ||| READING scroll labelled TUGHUTTUETS.
  2166 | D:3      | 2166 ||| READING 4 scrolls of identify.
  2166 | D:3      | 2166 ||| IDENTIFYING fuming white potion
  2167 | D:3      | 2167 ||| READING 3 scrolls of identify.
  2167 | D:3      | 2167 ||| IDENTIFYING metallic brown potion
  2168 | D:3      | 2168 ||| READING 2 scrolls of identify.
  2168 | D:3      | 2168 ||| IDENTIFYING inky potion
  2198 | D:4      | 2198 ||| STAIRDANCE
  2215 | D:4      | 2215 ||| STAIRDANCE
  2278 | D:4      | Identified the ring "Joiqask" {rC+ rCorr Int-4 Dex+7}
  2308 | D:4      | 2308 ||| Stepping ~*~*~tactically~*~*~ (outnumbered).
  2315 | D:4      | 2315 ||| DRINKING potion of curing.
  2315 | D:4      | 2315 ||| (to cure confusion)
  2324 | D:4      | Reached XP level 6. HP: 37/38 MP: 6/6
  2539 | D:4      | Found Foeqururr's Antique Weapon Shop.
  2552 | D:4      | Reached skill level 7 in Ranged Weapons
  2647 | D:4      | Reached XP level 7. HP: 27/43 MP: 7/7
  2670 | D:4      | 2670 ||| FLEEEEING.
  2686 | D:4      | 2686 ||| FLEEEEING.
  2687 | D:4      | 2687 ||| FLEEEEING.
  2688 | D:4      | 2688 ||| FLEEEEING.
  2689 | D:4      | 2689 ||| FLEEEEING.
  2690 | D:4      | 2690 ||| FLEEEEING.
  2691 | D:4      | 2691 ||| FLEEEEING.
  2692 | D:4      | 2692 ||| FLEEEEING.
  2693 | D:4      | 2693 ||| FLEEEEING.
  2694 | D:4      | 2694 ||| FLEEEEING.
  2695 | D:4      | 2695 ||| FLEEEEING.
  3023 | D:4      | 3023 ||| Stepping ~*~*~tactically~*~*~ (outnumbered).
  3025 | D:4      | 3025 ||| Stepping ~*~*~tactically~*~*~ (outnumbered).
  3027 | D:4      | 3027 ||| Stepping ~*~*~tactically~*~*~ (outnumbered).
  3054 | D:4      | HP: 7/43 [iguana (5)]
  3055 | D:4      | 3055 ||| DRINKING potion of heal wounds.
  3319 | D:4      | 3319 ||| UPGRADING to ring "Joiqask" {rC+ rCorr Int-4
                  | Dex+7}.
  3320 | D:4      | 3320 ||| UPGRADING to ring of positive energy.
  3321 | D:4      | 3321 ||| READING scroll labelled QAIFUE PETYAQE.
  3322 | D:4      | 3322 ||| DRINKING 2 bubbling orange potions.
  3323 | D:4      | 3323 ||| READING 2 scrolls of identify.
  3323 | D:4      | 3323 ||| IDENTIFYING smoky grey potion
  3324 | D:4      | 3324 ||| DROPPING potion of magic.
  3332 | D:5      | Entered Level 5 of the Dungeon
  3339 | D:5      | 3339 ||| Stepping ~*~*~tactically~*~*~ (outnumbered).
  3341 | D:5      | 3341 ||| Stepping ~*~*~tactically~*~*~ (outnumbered).
  3351 | D:5      | 3351 ||| FLEEEEING.
  3352 | D:5      | 3352 ||| FLEEEEING.
  3353 | D:5      | 3353 ||| STAIRDANCE
  3370 | D:5      | 3370 ||| STAIRDANCE
  3418 | D:5      | Reached skill level 8 in Ranged Weapons
  3495 | D:5      | 3495 ||| Stepping ~*~*~tactically~*~*~ (outnumbered).
  3508 | D:5      | Reached XP level 8. HP: 40/48 MP: 8/8
  4229 | D:5      | 4229 ||| READING scroll labelled MIERRONGERYE.
  4230 | D:5      | 4230 ||| READING scroll labelled WEINIHULEU.
  4231 | D:5      | 4231 ||| READING scroll labelled UKYURO MESE.
  4232 | D:5      | 4232 ||| READING 3 scrolls labelled IHAGEMMERCH.
  4233 | D:5      | 4233 ||| READING 2 scrolls of identify.
  4233 | D:5      | 4233 ||| IDENTIFYING red potion
  4234 | D:5      | 4234 ||| DROPPING potion of degeneration.
  4235 | D:5      | 4235 ||| DROPPING 2 scrolls of immolation.
  4251 | D:6      | Reached skill level 9 in Ranged Weapons
  4287 | D:6      | 4287 ||| READING scroll of enchant weapon.
  4287 | D:6      | 4287 ||| ENCHANTING +1 shortbow.
  4345 | D:6      | Reached skill level 6 in Fighting
  4458 | D:6      | Reached skill level 3 in Dodging
  4515 | D:6      | HP: 11/51 [ogre/+0 giant club (28)]
  4516 | D:6      | 4516 ||| READING scroll of teleportation.
  4517 | D:6      | 4517 ||| DRINKING potion of heal wounds.
  4668 | D:6      | Reached XP level 9. HP: 55/55 MP: 9/9
  4842 | D:6      | Reached skill level 10 in Ranged Weapons
  5008 | D:6      | Reached skill level 3 in Armour
  5372 | D:7      | Found a staircase to the Ecumenical Temple.
  5373 | D:7      | 5373 ||| PLANNING TEMPLE
  5382 | Temple   | Entered the Ecumenical Temple
  5383 | Temple   | 5383 ||| PLANNING OKAWARU WORSHIP
  5390 | Temple   | Became a worshipper of Warmaster Okawaru
  5391 | Temple   | 5391 ||| PLANNING D:1-11
  5468 | D:7      | Noticed Pikel
  5483 | D:7      | HP: 7/56 [orc priest/divine providence (8)]
  5485 | D:7      | Slain by Pikel

Levels and vault maps discovered:
D:1:      reono_arrival_forest_river, layout_basic
D:2:      layout_basic, serial_shops, nicolae_shop_trees,
          nicolae_concentric_dashed_squares_mild, columned_hall_lemuel,
          st_stairs_8, minmay_gold_behind_fungi, minmay_ruptured, uniq_natasha,
          uniq_robin
D:3:      layout_basic, dreamdust_ecumenical_altar_statues
D:4:      minmay_angry_zag, layout_basic, serial_shops, shop, corner_web_ring,
          minmay_starry_boxes
D:5:      layout_loops_ring
D:6:      layout_basic
D:7:      layout_cave_pods, mainiacjoe_overflow_surrounded_room,
          minmay_temple_entry_junction, uniq_joseph, uniq_pikel, uniq_jeremiah
Temple:   compressed_dpeg_triangle_lava_temple

Skill      XL: |  1  2  3  4  5  6  7  8  9 |
---------------+----------------------------+-----
Armour         | 1 2 3 |  3.2
Ranged Weapons | 5 6 7 8 9 10 | 10.0
Fighting       | 3 4 6 |  6.9
Dodging        | 2 3 |  3.2
Stealth        | |  1.1

Action                     |  1- 3 |  4- 6 |  7- 9 || total
---------------------------+-------+-------+-------++-------
   Fire: Shortbow          |    98 |   246 |   428 ||   772
    Use: Scroll            |     3 |     5 |     9 ||    17
         Potion            |       |     3 |     3 ||     6
 Armour: Leather armour    |     5 |       |       ||     5
         Ring mail         |    14 |   136 |   188 ||   338
  Dodge: Dodged            |    25 |   121 |   111 ||   257

Table legend:
 A = Non-vault XP
 B = Vault XP
 C = Vault XP percentage of total XP
 D = Non-vault monster count
 E = Vault monster count
 F = Vault count percentage of total count
                 A         B        C        D         E       F
            +---------+---------+-------+---------+---------+-------
      Total |    2725 |     271 |   9.0 |     126 |      27 |  17.6
            +---------+---------+-------+---------+---------+-------
        D:1 |      26 |       0 |   0.0 |      14 |       0 |   0.0
        D:2 |     102 |      78 |  43.3 |      17 |      16 |  48.5
        D:3 |      70 |       0 |   0.0 |      18 |       0 |   0.0
        D:4 |     408 |     193 |  32.1 |      21 |      11 |  34.4
        D:5 |     643 |       0 |   0.0 |      23 |       0 |   0.0
        D:6 |    1216 |       0 |   0.0 |      28 |       0 |   0.0
        D:7 |     260 |       0 |   0.0 |       5 |       0 |   0.0
            +---------+---------+-------+---------+---------+-------
